 Dungeon Crawl Stone Soup version 0.24-a0-517-gd52e2fb (webtiles) character file.

Game seed: 17138554018662919748

53 DinnerBoy7 the Ruffian (level 3, -11/29 HPs)
             Began as a Draconian Transmuter on July 23, 2019.
             Killed by divine providence
             ... invoked by an orc priest
              (14 damage)
             ... on level 3 of the Dungeon.
             The game lasted 00:07:19 (2546 turns).

DinnerBoy7 the Ruffian (Draconian Transmuter)       Turns: 2546, Time: 00:07:22

Health: -11/29     AC:  5    Str: 12    XL:     3   Next: 64%
Magic:  1/6        EV: 12    Int: 14    God:
Gold:   110        SH:  0    Dex: 11    Spells: 1/7 levels left

rFire    . . .     SeeInvis .     - Unarmed
rCold    . . .     Gourm    .   (no shield)
rNeg     . . .     Faith    .   (armour unavailable)
rPois    .         Spirit   .   (helmet restricted)
rElec    .         Reflect  .   (no cloak)
rCorr    .         Harm     .   (no gloves)
MR       .....                  (boots currently unavailable)
Stlth    +.........             (no amulet)
HPRegen  0.09/turn              (no ring)
MPRegen  0.10/turn              (no ring)

@: appendage, very slightly contaminated
A: unfitting armour, talons 3, cold-blooded, AC +5
a: End Transformation


You were on level 3 of the Dungeon.
You were not hungry.
You had grown temporary talons.
You visited 1 branch of the dungeon, and saw 3 of its levels.

You collected 110 gold pieces.

Inventory:

Hand Weapons
 e - a +0 short sword
Missiles
 a - 12 arrows
Scrolls
 b - a scroll of identify {unknown}
 f - a scroll of remove curse {unknown}
 h - 3 scrolls of teleportation {unknown}
 j - a scroll of immolation {unknown}
Potions
 d - a potion of curing {unknown}
 g - a potion of might {unknown}
Comestibles
 c - 4 rations
 i - 3 chunks of flesh


   Skills:
 + Level 1.8 Fighting
 + Level 2.2 Dodging
 + Level 3.2 Unarmed Combat
 + Level 2.5 Spellcasting
 * Level 2.6 Transmutations


You had one spell level left.
You knew the following spells:

 Your Spells              Type           Power        Failure   Level  Hunger
a - Beastly Appendage     Tmut           #.....       8%          1    #......
b - Sticks to Snakes      Tmut           #.......     12%         2    ###....
c - Spider Form           Tmut/Pois      #.........   36%         3    ###....

Your spell library contained the following spells:

 Spells                   Type           Power        Failure   Level  Hunger
 Ice Form                 Ice/Tmut       #.......     78%         4    #####..
 Blade Hands              Tmut           #.........   91%         5    ######.


Dungeon Overview and Level Annotations

Branches:
Dungeon (3/15)

Altars:


Innate Abilities, Weirdness & Mutations

Your plain brown scales are hard. (AC +5)
You cannot fit into any form of body armour.
You are cold-blooded and may be slowed by cold attacks.
You have claws for feet.


Message History

You tail-slap the goblin.
The goblin is heavily wounded.
The orc hits you. The goblin hits you with a +0 club.
You hit the goblin.
You kill the goblin!
The orc hits you. The quokka closely misses you.
You closely miss the orc. The quokka misses you.
The orc hits you from afar with a +0 trident.
You barely miss the orc. The orc barely misses you. The quokka misses you.
The orc priest mumbles some strange prayers to Beogh against you.
Beogh smites you!
* * * LOW HITPOINT WARNING * * *
You hit the orc.
The orc is severely wounded.
The orc wizard looks encouraged for a moment.
The orc closely misses you. The orc barely misses you.
The quokka bites you but does no damage.
The orc priest mumbles some strange prayers to Beogh against you.
Beogh smites you!
You die... ............# ...........# ........... .......... .oog... roo.

..(..## ####r#
#.......... .# #..o@#
#......... ... #.####
#...#..... #..
##.########...#....
#...#.............#....
#.................#.#.#
...#.#.....).......#.#.#
#
#.#...<......#....#.####
..............#####......
##............# #......


You could see an orc priest, an orc wizard, 3 orcs, 2 quokkas and a goblin.

Vanquished Creatures
  An adder (D:2)
  A worm (D:2)
  2 dart slugs
  2 leopard geckos
  4 giant cockroaches
  4 goblins
  2 hobgoblins
  A ball python (D:1)
  4 bats
  6 frilled lizards
  7 kobolds
  4 rats
38 creatures vanquished.

Notes
Turn   | Place    | Note
-------+----------+-------------------------------------------
     0 | D:1      | DinnerBoy7 the Draconian Transmuter began the quest for the
                  | Orb.
     0 | D:1      | Reached XP level 1. HP: 16/16 MP: 3/3
   152 | D:1      | Reached XP level 2. HP: 18/23 MP: 3/5
  1308 | D:1      | Learned a level 2 spell: Sticks to Snakes
  1381 | D:2      | Reached XP level 3. HP: 17/28 MP: 6/6
  2460 | D:3      | Learned a level 3 spell: Spider Form
  2546 | D:3      | Killed from afar by an orc priest

Levels and vault maps discovered:
D:1:      scummos_arrival_forest, layout_loops_cross, minmay_misc_feat_doors
D:2:      layout_basic, serial_glass, glass_columns_a, glass_columns_a
D:3:      layout_basic

Skill      XL: |  1  2 |
---------------+-------+-----
Dodging        | 2 |  2.2
Fighting       | |  1.8
Unarmed Combat | |  3.2
Spellcasting   | |  2.5
Transmutations | |  2.6

Action                   || total
-------------------------++-------
Melee: Unarmed           ||    91
       Kick              ||     9
       Tailslap          ||    13
       Short sword       ||    82
       Punch             ||     2
       Headbutt          ||     3
 Cast: Beastly Appendage ||    25
       Spider Form       ||     2
  Eat: Chunk             ||     3
       Ration            ||     1
Armor: Skin              ||    64
Dodge: Dodged            ||   148

Table legend:
 A = Non-vault XP
 B = Vault XP
 C = Vault XP percentage of total XP
 D = Non-vault monster count
 E = Vault monster count
 F = Vault count percentage of total count
                 A         B        C        D         E       F
            +---------+---------+-------+---------+---------+-------
      Total |      77 |       0 |   0.0 |      38 |       0 |   0.0
            +---------+---------+-------+---------+---------+-------
        D:1 |      28 |       0 |   0.0 |      17 |       0 |   0.0
        D:2 |      38 |       0 |   0.0 |      14 |       0 |   0.0
        D:3 |      11 |       0 |   0.0 |       7 |       0 |   0.0
            +---------+---------+-------+---------+---------+-------
